 Dungeon Crawl Stone Soup version 0.29-a0-1065-g47a6bb87d6 (webtiles) character file.

Game seed: 12896639417417056408

2174 Newt the Poker (level 9, -2/68 HPs)
             Began as a Demonspawn Gladiator on Aug 18, 2022.
             Was a Follower of Yredelemnul.
             Slain by an orc warrior
             ... wielding a +0 trident
              (10 damage)
             ... on level 7 of the Dungeon.
             The game lasted 00:10:55 (6195 turns).

Newt the Poker (Demonspawn Gladiator)               Turns: 6195, Time: 00:10:56

Health: -2/68      AC: 13    Str: 18    XL:     9   Next: 11%
Magic:  12/12      EV: 10    Int:  9    God:    Yredelemnul [*.....]
Gold:   314        SH:  4    Dex: 16    Spells: 8/8 levels left

rFire   . . .      SeeInvis .   s - +0 spear (venom)
rCold   + . .      Faith    .   (no shield)
rNeg    . . .      Spirit   .   C - +0 scale mail
rPois   .          Reflect  .   (helmet restricted)
rElec   .          Harm     .   H - +2 cloak
rCorr   .          Rampage  .   (no gloves)
Will    .....                   g - +0 pair of boots
Stlth   +.........              (no amulet)
HPRegen 0.21/turn               l - ring of flight
MPRegen 0.13/turn               I - ring of protection from cold

@: flying
A: horns 1, rugged brown scales 2, powered by death 1, condensation shield
a: Renounce Religion, Recall Undead Harvest


You were on level 7 of the Dungeon.
You worshipped Yredelemnul.
Yredelemnul was noncommittal.
You visited 1 branch of the dungeon, and saw 7 of its levels.

You collected 314 gold pieces.

Inventory:

Hand Weapons
 a - a +1 rapier of protection
 m - a +2 dagger of venom
 s - a +0 spear of venom (weapon)
Missiles
 d - a throwing net
 n - a javelin (quivered)
 p - 4 poisoned darts
Armour
 b - a +0 leather armour
 c - a +0 helmet
 g - a +0 pair of boots (worn)
 q - a +2 cloak
 C - a +0 scale mail (worn)
 D - a +1 robe of fire resistance
 H - a +2 cloak (worn)
Jewellery
 f - a ring of fire
 l - a ring of flight (left hand)
 I - a ring of protection from cold (right hand)
Wands
 u - a wand of roots (7)
 y - a wand of acid (7)
 B - a wand of charming (15)
Scrolls
 i - 2 scrolls of enchant weapon
 o - a scroll of immolation
 r - a scroll of noise
 t - 3 scrolls of enchant armour
 v - 2 scrolls of vulnerability
 x - 2 scrolls of blinking
 E - a scroll of silence
Potions
 e - 2 potions of attraction
 h - 11 potions of curing
 j - 2 potions of resistance {unknown}
 k - 2 potions of degeneration {unknown}
 w - a potion of lignification {unknown}
 z - a potion of cancellation {unknown}
 A - 2 potions of flight {unknown}
 F - 2 potions of heal wounds {unknown}
 G - a potion of mutation {unknown}


   Skills:
 - Level 4.0 Fighting
 - Level 4.0 Short Blades
 + Level 7.5 Polearms
 - Level 1.7 Throwing
 - Level 5.0 Armour
 - Level 2.6 Dodging
 - Level 2.0 Stealth
 - Level 5.0 Invocations


You had 8 spell levels left.
You didn't know any spells.
Your spell library contained the following spells:

 Spells                   Type           Power      Damage    Failure   Level
 Magic Dart               Conj           0%         1d3       77%         1
 Call Imp                 Summ           0%         N/A       88%         2
 Ensorcelled Hibernation  Hex/Ice        0%         N/A       88%         2
 Dazzling Flash           Conj/Hex       0%         N/A       98%         3
 Mephitic Cloud           Conj/Pois/Air  0%         N/A       98%         3
 Spider Form              Tmut/Pois      0%         N/A       98%         3
 Anguish                  Hex/Necr       0%         N/A       100%        4
 Iskenderun's Mystic Bla  Conj/Tloc      0%         2d3       100%        4
 Starburst                Conj/Fire      0%         6d3       100%        6


Dungeon Overview and Level Annotations

Branches:
Dungeon (7/15)             Temple (0/1) D:6

Altars:
Cheibriados
Fedhas
Nemelex Xobeh
Yredelemnul

Shops:
D:1 *

Annotations:
D:6 Pikel


Innate Abilities, Weirdness & Mutations

You have a pair of small horns on your head.
You are mostly covered in rugged brown scales. (AC +2, +5% HP)
You regenerate a little health from kills.
A meltable shield of frost defends you. (SH +4)


Message History

You feel sick.
Your orc priest zombie hits the orc warrior.
The orc warrior hits you but does no damage.
Your orc wizard zombie hits the orc warrior but does no damage.
Things that are here:
a +0 flail; a +0 ring mail You hit the orc warrior but do no damage.
Your headbutt misses the orc warrior.
The orc warrior is lightly wounded.
You feel sick.
Your orc priest zombie barely misses the orc warrior.
The orc warrior closely misses you.
Your orc wizard zombie hits the orc warrior but does no damage.
You hit the orc warrior but do no damage.
The orc warrior is poisoned.
The orc warrior is lightly wounded.
You hit the orc warrior but do no damage.
The orc warrior looks as sick as possible!
The orc warrior is lightly wounded.
You feel sick.
The orc warrior hits you with a +0 trident!
* * * LOW HITPOINT WARNING * * *
Your orc priest zombie closely misses the orc warrior.
Your orc wizard zombie hits the orc warrior but does no damage.
You feel sick. The orc warrior barely misses you.
Your orc priest zombie hits the orc warrior but does no damage.
Your orc wizard zombie hits the orc warrior but does no damage.
You feel sick.
You feel sick.
You are no longer poisoned.
Your orc wizard zombie hits the orc warrior but does no damage.
Reach: s) +0 spear (venom)
Press: ? - help, Dir - move target, f - orc warrior
Aim: an orc warrior, wielding a +0 trident and wearing a +0 plate armour (heavily wounded, extremely poisoned, ally target, about 33% to evade your +0 spear of venom)
You reach to attack!
You hit the orc warrior.
The orc warrior looks as sick as possible!
The orc warrior is severely wounded.
The orc warrior hits you from afar with a +0 trident!
You die...
Your body rises from the dead as a mindless zombie.

#..................
#.........##.......>.
#<........#..# ......
.##............##......
....................##... .
##...#.....................
#...##...........$..##....
### #....##.....)Z...#
#######...@.oZ..#..
##....))..# ####.........
##.#....... ####.....#
##...# ####


You could see an orc warrior (extremely poisoned, ally target), a friendly orc
priest zombie and a friendly orc wizard zombie.

Vanquished Creatures
  A water moccasin (D:5)
  2 ice beasts
  A black bear (D:6)
  A sky beast (D:7)
  2 ogres
  A phantom (D:5)
  2 necrophages (D:3)
  3 scorpions
  2 bullfrogs
  2 hounds
  2 jellies
  3 orc priests
  Terence (D:2)
  3 iguanas
  2 orc wizards
  A gnoll (D:6)
  3 adders
  A shadow imp (D:6)
  4 worms
  A dart slug (D:4)
  7 orcs
  6 bats
  8 endoplasms
  4 giant cockroaches
  7 goblins
  3 hobgoblins
  3 jackals (D:4)
  A quokka (D:1)
  6 ball pythons
  2 frilled lizards (D:2)
  8 kobolds
  5 rats
98 creatures vanquished.

Vanquished Creatures (collateral kills)
  Maggie (D:6)
  An ogre (D:5)
  Blork the orc (D:6)
  An orc priest (D:6)
  A gnoll bouda (D:6)
  A hound (D:6)
  2 gnolls (D:6)
  An adder (D:5)
  An ufetubus (D:5)
  A bat (D:2)
  A hobgoblin (D:1)
  2 frilled lizards (D:2)
  A kobold (D:1)
  A rat (D:2)
16 creatures vanquished.

Vanquished Creatures (others)
  A water moccasin zombie (D:5)
  2 hound zombies
  A worm zombie (D:5)
  A bat zombie (D:3)
  A gnoll zombie (D:6)
  A ball python zombie (D:2)
  5 orc zombies
  A butterfly (D:4)
  2 fungi (D:4)
15 creatures vanquished.

Grand Total: 129 creatures vanquished

Notes
Turn   | Place    | Note
-------+----------+-------------------------------------------
     0 | D:1      | Newt the Demonspawn Gladiator began the quest for the Orb.
     0 | D:1      | Reached XP level 1. HP: 16/16 MP: 1/1
    27 | D:1      | Found a faded altar of an unknown god.
    42 | D:1      | Prayed at the altar of an unknown god.
    42 | D:1      | Became a worshipper of Yredelemnul the Dark
    42 | D:1      | Reached * piety under Yredelemnul
   110 | D:1      | Reached skill level 1 in Stealth
   522 | D:1      | Found Xejenug's General Store.
   535 | D:1      | Gained mutation: A meltable shield of frost defends you.
                  | (SH +4) [demonic ancestry]
   535 | D:1      | Reached XP level 2. HP: 20/22 MP: 2/2
  1381 | D:2      | Reached XP level 3. HP: 28/28 MP: 3/3
  1703 | D:2      | Reached ** piety under Yredelemnul
  1916 | D:3      | Noticed Terence
  1930 | D:2      | Killed Terence
  1931 | D:2      | Gained mutation: You are partially covered in rugged brown
                  | scales. (AC +1, +3% HP) [demonic ancestry]
  1931 | D:2      | Reached XP level 4. HP: 27/38 MP: 4/4
  2384 | D:3      | Noticed a necrophage
  2398 | D:3      | Killed a necrophage
  2399 | D:3      | Gained mutation: You have a pair of small horns on your
                  | head. [demonic ancestry]
  2399 | D:3      | Reached XP level 5. HP: 43/43 MP: 5/5
  2596 | D:3      | Reached skill level 1 in Polearms
  3091 | D:4      | Reached skill level 2 in Polearms
  3096 | D:4      | Found a sparkling altar of Nemelex Xobeh.
  3103 | D:4      | Reached XP level 6. HP: 34/49 MP: 6/6
  3344 | D:4      | You are sucked into a shaft and drop 1 floor!
  3344 | D:5      | Entered Level 5 of the Dungeon
  3364 | D:5      | Noticed an ice beast
  3373 | D:5      | Noticed a water moccasin
  3380 | D:5      | Found a snail-covered altar of Cheibriados.
  3387 | D:5      | Reached skill level 3 in Polearms
  3705 | D:5      | Killed a water moccasin
  3755 | D:5      | Reached skill level 4 in Polearms
  3937 | D:5      | Gained mutation: You regenerate a little health from kills.
                  | [demonic ancestry]
  3937 | D:5      | Reached XP level 7. HP: 55/55 MP: 7/7
  3972 | D:5      | Reached skill level 5 in Polearms
  4681 | D:4      | Reached skill level 5 in Invocations
  4681 | D:4      | Reached skill level 1 in Armour
  5153 | D:6      | Noticed Blork the orc
  5164 | D:6      | Reached XP level 8. HP: 32/61 MP: 11/11
  5174 | D:6      | Killed Blork the orc
  5398 | D:6      | Found a staircase to the Ecumenical Temple.
  5434 | D:6      | Found a blossoming altar of Fedhas.
  5742 | D:6      | Reached skill level 5 in Armour
  5892 | D:6      | Noticed Maggie
  5898 | D:6      | Killed Maggie
  5899 | D:6      | Reached skill level 6 in Polearms
  5975 | D:6      | Reached skill level 7 in Polearms
  5978 | D:6      | Noticed Pikel
  6005 | D:7      | Gained mutation: You are mostly covered in rugged brown
                  | scales. (AC +2, +5% HP) [demonic ancestry]
  6005 | D:7      | Reached XP level 9. HP: 43/68 MP: 12/12
  6195 | D:7      | Slain by an orc warrior

Illustrated notes

Levels and vault maps discovered:
D:1:      heliophobic_arrival_dark_side_of_the_moon, layout_basic,
          basic_ecumenical_altar, serial_shops, shop
D:2:      layout_basic, minmay_joined_circles
D:3:      layout_loops_ring, uniq_terence
D:4:      layout_basic, nicolae_elyvilon_peaceful_grove,
          mainiacjoe_overflow_boulevard
D:5:      layout_basic, mainiacjoe_overflow_catwalk
D:6:      layout_basic, fedhas_altar_1, minmay_temple_entry_slanted, uniq_pikel,
          uniq_blork_the_orc, uniq_maggie
D:7:      nicolae_cairo_tiling_very_big, layout_cave_pools, lemuel_tele_altar

Skill      XL: |  1  2  3  4  5  6  7  8 |
---------------+-------------------------+-----
Stealth        | 1 2 |  2.0
Fighting       | 3 4 |  4.0
Short Blades   | 3 4 |  4.0
Polearms       | 2 4 5 7 |  7.5
Invocations    | 5 |  5.0
Armour         | 2 5 |  5.0
Throwing       | |  1.7
Dodging        | |  2.6

Action                   |  1- 3 |  4- 6 |  7- 9 || total
-------------------------+-------+-------+-------++-------
Melee: Rapier            |    72 |       |       ||    72
       Punch             |     1 |       |     3 ||     4
       Dagger            |    35 |    61 |       ||    96
       Spear             |       |    54 |   213 ||   267
       Headbutt          |       |    14 |    25 ||    39
Throw: Throwing net      |     1 |       |     2 ||     3
       Javelin           |     1 |       |       ||     1
Invok: Recall Undead Har |     1 |     1 |     2 ||     4
       Dark Bargain      |       |       |     1 ||     1
Evoke: Wand              |       |     3 |       ||     3
  Use: Scroll            |     6 |     5 |     2 ||    13
 Stab: Sleeping          |     2 |     5 |     2 ||     9
       Distracted        |       |     1 |     3 ||     4
Armor: Leather armour    |    25 |    18 |    12 ||    55
       Scale mail        |       |       |    59 ||    59
Dodge: Dodged            |    52 |    37 |    55 ||   144
Block: Other             |    15 |     6 |    20 ||    41

Table legend: (Time is in decaauts)
 A = Elapsed time spent in this place.
 B = Non-inter-level travel time spent in this place.
 C = Inter-level travel time spent in this place.
 D = Time resting spent in this place.
 E = Time spent auto-exploring this place.
 F = Levels seen in this place.
 G = Mean time per level.
                   A        B        C        D        E       F      G
               +--------+--------+--------+--------+--------+-----+--------+
         Total |   6144 |   5786 |    358 |   1110 |   3683 |   7 |  877.7 |
       Dungeon |   6144 |   5786 |    358 |   1110 |   3683 |   7 |  877.7 |
               +--------+--------+--------+--------+--------+-----+--------+

Top non-repeatable levels by time:
     D:5: 1523 daAuts
     D:2: 1146 daAuts
     D:3: 1012 daAuts
     D:4: 856 daAuts
     D:1: 779 daAuts
     D:6: 636 daAuts
     D:7: 190 daAuts
